 Dungeon Crawl Stone Soup version 0.19.1 (webtiles) character file.

1667 Alarkh the Grave Robber (level 8, -3/52 HPs)
             Began as a Mummy Necromancer on Dec 8, 2016.
             Was an Elder of Okawaru.
             Slain by an ogre
             ... wielding a +0 giant spiked club
              (26 damage)
             ... on level 6 of the Dungeon on Dec 10, 2016.
             The game lasted 00:11:00 (5743 turns).

Alarkh the Grave Robber (Mummy Necromancer)         Turns: 5743, Time: 00:11:01

Health: -3/52      AC:  4    Str: 12    XL:     8   Next: 69%
Magic:  9/15       EV: 12    Int: 16    God:    Okawaru [****..]
Gold:   225        SH:  0    Dex: 15    Spells: 3 memorised, 9 levels left

rFire  x . .     SeeInvis .     x - +3 trident
rCold  + . .     Gourm    .     s - +0 robe
rNeg   + + +     Faith    .     (no shield)
rPois  ∞         Spirit   .     p - +0 helmet
rElec  .         Reflect  .     (no cloak)
rCorr  .         Harm     .     l - +0 pair of gloves
MR     +....                    (no boots)
Stlth  ++........               (no amulet)
                                (no ring)
                                m - +3 ring of dexterity

@: very slightly contaminated
A: no food or potions, fire vulnerability, cold resistance 1, negative energy
resistance 3, torment resistance, unbreathing
a: Heroism, Renounce Religion


You were on level 6 of the Dungeon.
You worshipped Okawaru.
Okawaru was greatly pleased with you.
You were not hungry.

You visited 2 branches of the dungeon, and saw 7 of its levels.

You collected 225 gold pieces.

Inventory:

Hand Weapons
 a - a +2 dagger of venom
 b - a +0 whip of electrocution
 c - a +0 dagger
 g - a +1 vampiric short sword
 u - a +0 hand axe
 v - a +4 trident of distortion
 x - a +3 trident (weapon)
Armour
 l - a +0 pair of gloves (worn)
 p - a +0 helmet (worn)
 s - a +0 robe (worn)
Jewellery
 m - a +3 ring of dexterity (left hand)
Wands
 t - a wand of random effects (25/48)
 w - a wand of lightning (5/15)
Scrolls
 d - 2 scrolls of random uselessness
 e - a scroll of identify
 h - a scroll of noise
 i - a scroll of amnesia
 j - 2 scrolls of remove curse
 k - a scroll of immolation
 n - 2 scrolls of recharging
 o - a scroll of blinking
 q - 2 scrolls of teleportation
 r - 2 scrolls of fog {unknown}
 y - a scroll of fear {unknown}
 z - a scroll of torment {unknown}
Books
 f - a book of Necromancy

   Spells                             Type                      Level
   a - Pain                           Necromancy                   1
   b - Animate Skeleton               Necromancy                   1
   c - Vampiric Draining              Necromancy                   3
   d - Regeneration                   Charms/Necromancy            3
   e - Animate Dead                   Necromancy                   4
   f - Control Undead                 Necromancy                   4


   Skills:
 + Level 6.3 Polearms
 - Level 1.5 Dodging
 - Level 1.5 Stealth
 - Level 5.2 Spellcasting
 - Level 7.2 Necromancy


You had 9 spell levels left.
You knew the following spells:

 Your Spells              Type           Power        Failure   Level  Hunger
a - Vampiric Draining     Necr           ####......   1%          3    N/A
c - Control Undead        Necr           ####......   10%         4    N/A
e - Pain                  Necr           ####         1%          1    N/A

Dungeon Overview and Level Annotations

Branches:
Dungeon (6/15)             Temple (1/1) D:5

Altars:
Ashenzari
Cheibriados
Dithmenos
Elyvilon
Fedhas
Gozag
Hepliaklqana
Kikubaaqudgha
Makhleb
Nemelex Xobeh
Okawaru
Qazlal
Ru
Sif Muna
Trog
Uskayaw
Vehumet
Xom
Yredelemnul
The Shining One

Annotations:
D:3 1 runed door, exclusion: downstairs


Innate Abilities, Weirdness & Mutations

You do not eat or drink.
Your flesh is vulnerable to fire.
You are immune to poison.
Your flesh is cold resistant. (rC+)
You are immune to negative energy. (rN+++)
You are immune to unholy pain and torment.
You can survive without breathing.


Message History

The ogre is moderately wounded.
The ogre hits you with a giant spiked club!!
Casting: Vampiric Draining
Confirm with . or Enter, or press ? or * to list all spells.
Aiming: Vampiric Draining
Press: ? - help, Shift-Dir - straight line, f - ogre
Aim: an ogre, wielding a giant spiked club (moderately wounded)
The ogre is severely wounded.
You feel life coursing into your body.
Casting: Vampiric Draining
Confirm with . or Enter, or press ? or * to list all spells.
Aiming: Vampiric Draining
Press: ? - help, Shift-Dir - straight line, f/p - ogre
Aim: an ogre, wielding a giant spiked club (severely wounded)
You miscast Vampiric Draining.
You are very lightly contaminated with residual magic.
You hear strange and distant voices.
The ogre hits you with a giant spiked club!!
Ouch! That really hurt!
You die...

...>..........#
...................#
...................#
...................#
...................#
...................#
...................#
...................#
......O@...........#
...................#
...................#
..............##...#
..............##...#
......##......##...#
...... #########...#
.#+### #....# #....#


You could see an ogre.

Vanquished Creatures
  Sigmund (D:3)
  Edmund (D:4)
  A sky beast (D:5)
  An ice beast (D:5)
  A phantom (D:5)
  2 ogres (D:4)
  A bullfrog (D:5)
  2 howler monkeys
  3 crimson imps (D:5)
  A bullfrog zombie (D:5)
  An orc priest (D:3)
  A bullfrog skeleton (D:4)
  7 orc wizards
  2 iguanas (D:4)
  Terence (D:3)
  Natasha (thrice) (D:3)
  5 worker ants
  3 adders
  2 howler monkey skeletons
  An ooze (D:3)
  3 worms
  3 dart slugs
  2 leopard geckos
  12 orcs
  2 giant cockroaches
  10 goblins
  10 hobgoblins
  7 jackals
  10 kobolds
  3 quokkas
  2 ball pythons
  A ball python skeleton (D:4)
  7 bats
  6 frilled lizards
  4 rats
122 creatures vanquished.

Notes
Turn   | Place    | Note
-------+----------+-------------------------------------------
     0 | D:1      | Alarkh the Mummy Necromancer began the quest for the Orb.
     0 | D:1      | Reached XP level 1. HP: 13/13 MP: 3/3
   174 | D:1      | Reached XP level 2. HP: 19/19 MP: 1/5
   965 | D:2      | Reached XP level 3. HP: 23/24 MP: 1/6
   976 | D:2      | Learned a level 3 spell: Vampiric Draining
  1368 | D:2      | Found a white marble altar of Elyvilon.
  1368 | D:2      | Found a shattered altar of Ashenzari.
  1384 | D:2      | Found a faded altar of an unknown god.
  1386 | D:2      | Found a sacrificial altar of Ru.
  1387 | D:2      | Found a faded altar of an unknown god.
  1401 | D:2      | Became a worshipper of Warmaster Okawaru
  1401 | D:2      | Reached * piety under Okawaru
  1611 | D:2      | Reached skill level 5 in Necromancy
  1732 | D:2      | Reached XP level 4. HP: 30/30 MP: 5/8
  1930 | D:3      | Found an ancient bone altar of Kikubaaqudgha.
  2141 | D:3      | Noticed Natasha
  2474 | D:3      | Reached XP level 5. HP: 35/35 MP: 3/10
  2640 | D:3      | Learned a level 4 spell: Control Undead
  2692 | D:3      | Found a white marble altar of Elyvilon.
  2692 | D:3      | Found a runed door.
  2692 | D:3      | Noticed an angel
  2819 | D:3      | Killed Natasha
  2826 | D:3      | Noticed Sigmund
  2975 | D:3      | Killed Sigmund
  2975 | D:3      | Reached ** piety under Okawaru
  2975 | D:3      | Reached skill level 6 in Necromancy
  2975 | D:3      | Reached XP level 6. HP: 41/41 MP: 2/12
  3047 | D:3      | Noticed Terence
  3204 | D:3      | Noticed Natasha
  3210 | D:3      | Killed Natasha
  3225 | D:3      | Noticed Natasha
  3231 | D:3      | Killed Natasha
  3373 | D:3      | Killed Terence
  3528 | D:3      | Found a deep blue altar of Sif Muna.
  3539 | D:3      | Reached XP level 7. HP: 37/46 MP: 8/14
  3615 | D:4      | Reached skill level 7 in Necromancy
  3619 | D:4      | Reached skill level 5 in Spellcasting
  3666 | D:4      | Reached skill level 1 in Polearms
  3679 | D:4      | Reached *** piety under Okawaru
  3829 | D:4      | Received a gift from Okawaru
  4159 | D:4      | Found a sacrificial altar of Ru.
  4290 | D:4      | Noticed Edmund
  4303 | D:4      | Killed Edmund
  4303 | D:4      | Reached XP level 8. HP: 28/52 MP: 4/15
  4466 | D:5      | Entered Level 5 of the Dungeon
  4501 | D:5      | Found a staircase to the Ecumenical Temple.
  4509 | Temple   | Entered the Ecumenical Temple
  5057 | D:5      | Reached skill level 5 in Polearms
  5653 | D:6      | Reached **** piety under Okawaru
  5743 | D:6      | Slain by an ogre

Skill      XL: |  1  2  3  4  5  6  7  8 |
---------------+-------------------------+-----
Necromancy     | 5 6 7 |  7.2
Spellcasting   | 3 4 5 |  5.2
Polearms       | 3 6 |  6.3
Dodging        | |  1.5
Stealth        | |  1.5

Action                   |  1- 3 |  4- 6 |  7- 9 || total
-------------------------+-------+-------+-------++-------
Melee: Dagger            |     3 |    10 |    36 ||    49
       Unarmed           |     1 |       |       ||     1
       Whip              |    18 |    10 |     9 ||    37
       Trident           |       |       |    77 ||    77
 Cast: Pain              |    84 |    97 |    80 ||   261
       Vampiric Draining |       |       |     8 ||     8
Invok: Heroism           |       |     1 |       ||     1
Evoke: Wand              |       |       |     2 ||     2
  Use: Scroll            |       |     3 |     6 ||     9
 Stab: Sleeping          |     1 |       |     2 ||     3
       Paralysed         |       |       |     1 ||     1
Armor: Robe              |     5 |     4 |    26 ||    35
Dodge: Dodged            |    29 |    26 |    63 ||   118
